 Dungeon Crawl Stone Soup version 0.32-a0-460-gc8eefc90e7 (webtiles) character file.

Game seed: 8774208422456882486

15325 Morbidden the Skirmisher (level 12, 0/94 HPs)
             Began as a Formicid Hunter on Feb 24, 2024.
             Was a Priest of Cheibriados.
             Incinerated by a deep elf pyromancer (12 damage)
             ... with a pyre arrow
             ... on level 14 of the Dungeon.
             The game lasted 00:22:28 (14805 turns).

Morbidden the Skirmisher (Formicid Hunter)         Turns: 14805, Time: 00:22:29

Health: 0/94       AC: 14    Str: 26    XL:     12   Next: 56%
Magic:  6/15       EV: 19    Int: 18    God:    Cheibriados [***...]
Gold:   16         SH:  5    Dex: 29    Spells: 11/11 levels left

rFire   . . .        a - +2 orcbow (flame)
rCold   . . .        (no shield)
rNeg    . . .        H - +0 chain mail of Terror {rElec rC+ Str+2}
rPois   +            (helmet unavailable)
rElec   +            I - +1 cloak of Parts Unknown {Stlth+}
rCorr   .            o - +2 pair of gloves
SInv    +            (no boots)
Will    +....        x - amulet of reflection
Stlth   +            y - +5 ring of evasion
HPRegen 0.35/turn    j - +4 ring of protection
MPRegen 0.14/turn

%: reflection
@: on fire, corroded, glowing, very slow
A: permanent stasis, dig shafts and tunnels, antennae 3, four strong arms,
iridescent scales 1, poison resistance, screaming 1, cold vulnerability 1
a: Dig, Shaft Self, Renounce Religion, Bend Time, Temporal Distortion


You were on level 14 of the Dungeon.
You worshipped Cheibriados.
Cheibriados was most pleased with you.
You visited 2 branches of the dungeon, and saw 14 of its levels.
You also visited: Ossuary.

You collected 810 gold pieces.
You spent 794 gold pieces at shops.

Inventory:

Hand Weapons
 a - a +2 orcbow of flaming (weapon)
 b - a +1 short sword of venom
 L - a +3 dagger
Missiles
 s - 45 poisoned darts
 M - a curare-tipped dart
 N - 7 javelins
Armour
 o - a +2 pair of gloves (worn)
 H - the +0 chain mail of Terror (worn) {rElec rC+ Str+2}
   (You bought it in a shop on level 4 of the Dungeon)

   Str+2:     It affects your strength (+2).
   rC+:       It protects you from cold.
   rElec:     It insulates you from electricity.
 I - the +1 cloak of Parts Unknown (worn) {Stlth+}
   (You found it on level 9 of the Dungeon)

   Stlth+:    It makes you more stealthy.
Jewellery
 j - a +4 ring of protection (right hand)
 n - a ring of ice
 x - an amulet of reflection (around neck)
 y - a +5 ring of evasion (left hand)
 J - a ring of magical power
Talismans
 D - a maw talisman
Wands
 p - a wand of acid (3)
 G - a wand of paralysis (2)
Scrolls
 c - 2 scrolls of enchant armour
 d - a scroll of fear
 g - 2 scrolls of amnesia
 h - a scroll of identify
 i - a scroll of butterflies
 k - 8 scrolls of teleportation
 l - 3 scrolls of revelation
 m - 3 scrolls of vulnerability
 q - a scroll of fog
 u - a scroll of poison
 v - 4 scrolls of silence
 K - a scroll of immolation
Potions
 e - 3 potions of curing
 f - 5 potions of attraction
 r - a potion of degeneration
 t - 2 potions of haste
 w - a potion of might {unknown}
 z - a potion of ambrosia
 A - a potion of berserk rage {unknown}
 B - 3 potions of resistance {unknown}
 C - 5 potions of enlightenment
 E - a potion of brilliance {unknown}
 F - 3 potions of magic {unknown}


   Skills:
 * Level 8.8 Fighting
 + Level 5.4(5.9) Short Blades
 * Level 3.7(5.1) Long Blades
 * Level 13.6 Ranged Weapons
 * Level 7.4 Armour
 * Level 5.8 Dodging
 + Level 2.1 Stealth
 + Level 2.9 Shields
 * Level 4.5 Invocations
 + Level 0.1 Evocations


You had 11 spell levels left.
You didn't know any spells.
Your spell library contained the following spells:

 Spells                   Type           Power      Damage    Failure   Level
 Necrotise                Necr           0%         1d4       67%         1
 Shock                    Conj/Air       0%         1d3       67%         1
 Lesser Beckoning         Tloc           0%         N/A       80%         2
 Frozen Ramparts          Ice            0%         1d1       95%         3
 Gell's Gravitas          Tloc           0%         N/A       95%         3
 Inner Flame              Hex/Fire       0%         N/A       95%         3
 Ozocubu's Armour         Ice            0%         N/A       95%         3
 Teleport Other           Tloc           0%         N/A       95%         3
 Vampiric Draining        Necr           0%         2d6       95%         3
 Airstrike                Air            0%         2d(0-16)  100%        4
 Flame Wave               Conj/Fire      0%         2d4       100%        4
 Leda's Liquefaction      Alch/Erth      0%         N/A       100%        4
 Martyr's Knell           Necr/Summ      0%         N/A       100%        4
 Petrify                  Alch/Erth      0%         N/A       100%        4
 Sticky Flame             Fire/Alch      0%         2d4       100%        4
 Curse of Agony           Necr           0%         N/A       100%        5
 Metabolic Englaciation   Hex/Ice        0%         N/A       100%        5
 Sculpt Simulacrum        Ice/Alch       0%         N/A       100%        6
 Swiftness                Air            Unusable   N/A       N/A         3

Dungeon Overview and Level Annotations

Branches:
Dungeon (12/15)            Temple (1/1) D:5            Lair (0/5) D:10
Ossuary (visited)
    Orc: D:9-12

Altars:
Ashenzari
Cheibriados
Dithmenos
Elyvilon
Fedhas
Gozag
Hepliaklqana
Kikubaaqudgha
Makhleb
Nemelex Xobeh
Okawaru
Qazlal
Ru
Sif Muna
Trog
Uskayaw
Vehumet
Wu Jian
Xom
Yredelemnul
Zin
The Shining One

Shops:
D:2 =   D:4 [   D:9 =

Annotations:
D:9 exclusion: obsidian statue
D:11 Snorg
D:12 Gastronok


Innate Abilities, Weirdness & Mutations

You cannot be hasted, slowed, berserked, paralysed or teleported.
You can dig through walls and to a lower floor.
You have a pair of large antennae on your head. (SInv)
Your four strong arms can wield two-handed weapons with a shield.
You are partially covered in iridescent scales. (AC +2)
Your system is resistant to poisons. (rPois)
You occasionally shout uncontrollably at your foes.
You are vulnerable to cold. (rC-)


Message History

You shoot an arrow.
The arrow closely misses the deep elf pyromancer.
The deep elf pyromancer casts a spell at you.
The pyre arrow hits you.
You are covered in intense liquid fire!
Unknown command.
Unknown command.
Unknown command.
Unknown command.
You feel better. The liquid fire burns you!
The deep elf pyromancer hits you with a +0 dagger.
Unknown command.
Okay, then.
Unknown command.
Okay, then.
Okay, then.
Unknown command.
Unknown command.
The liquid fire burns you!
* * * LOW HITPOINT WARNING * * *
The deep elf pyromancer closely misses you.
You begin to dig a shaft.
You continue digging a shaft.
The liquid fire burns you!
* * * LOW HITPOINT WARNING * * *
The deep elf pyromancer hits you but does no damage.
A shaft appears beneath you!
You fall into a shaft and drop 3 floors!
The shaft crumbles and collapses.
You shake off some of the fire as you move.
The liquid fire burns you!
* * * LOW HITPOINT WARNING * * *
Unknown command.
Unknown command.
Unknown command.
Unknown command.
You feel better. The liquid fire burns you!
You die...
Cheibriados appreciates the motionlessness of death.

.. .. ####.
.####
....#....
.......
..... ...
#.# #@#
#...........
####.##.....
{ ... ....
#.# ##. #.#
..# #..


There were no monsters in sight!

Vanquished Creatures
  4 two-headed ogres
  Urug (D:11)
  2 tengu warriors (D:10)
  3 cyclopes
  A manticore (D:11)
  A gargoyle (D:10)
  2 unseen horrors
  An efreet (D:11)
  A komodo dragon (D:10)
  A troll (D:11)
  5 slime creatures (D:12)
  2 vampires
  A wraith (D:6)
  2 basilisks
  3 steam dragons
  3 vampire mosquitoes (D:12)
  4 water moccasins
  3 acid dragons
  4 orc warriors
  A sky beast (D:6)
  A black bear (D:10)
  3 centaurs
  2 ogres
  3 phantoms (D:4)
  4 kobold brigands
  8 bullfrogs
  2 gnoll sergeants
  9 scorpions
  12 wights
  6 killer bees
  2 electric eels (D:7)
  6 howler monkeys
  A centaur zombie (Ossuary)
  2 jellies (D:6)
  A bombardier beetle (D:4)
  6 hounds
  6 orc priests
  14 orc wizards
  5 iguanas
  4 scorpion zombies (Ossuary)
  4 mummies
  A gnoll (shapeshifter) (D:11)
  8 gnolls
  7 adders
  2 shadow imps
  A white imp (D:8)
  An ufetubus (D:4)
  An adder zombie (Ossuary)
  3 ribbon worms
  12 dart slugs
  52 orcs
  9 endoplasms
  5 giant cockroaches
  4 goblins
  13 hobgoblins
  4 jackals (D:1)
  20 kobolds
  6 quokkas
  10 ball pythons
  2 ball python zombies (Ossuary)
  8 bats
  3 frilled lizards
  3 gnoll zombies (Ossuary)
  A goblin zombie (D:4)
  3 jackal zombies (Ossuary)
  A kobold zombie (D:4)
  An orc zombie (Ossuary)
  6 rats
333 creatures vanquished.

Vanquished Creatures (others)
  A kobold brigand (D:7)
1 creature vanquished.

Grand Total: 334 creatures vanquished

Notes
Turn   | Place    | Note
-------+----------+-------------------------------------------
     0 | D:1      | Morbidden the Formicid Hunter began the quest for the Orb.
     0 | D:1      | Reached XP level 1. HP: 16/16 MP: 1/1
   136 | D:1      | Reached XP level 2. HP: 22/22 MP: 2/2
   267 | D:1      | Reached XP level 3. HP: 20/27 MP: 3/3
   636 | D:2      | Identified the +4 whip of Damoebl Jeam {heavy, rPois Int+3
                  | Dex-4 Stlth+}
  1108 | D:2      | Reached skill level 5 in Ranged Weapons
  1108 | D:2      | Reached XP level 4. HP: 34/34 MP: 4/4
  1563 | D:2      | Found Guavapef's Jewellery Shop.
  1898 | D:3      | Reached skill level 1 in Armour
  2110 | D:3      | Reached XP level 5. HP: 40/40 MP: 5/5
  2201 | D:3      | Found a blossoming altar of Fedhas.
  2297 | D:3      | Found a white marble altar of Elyvilon.
  2304 | D:3      | Found an iron altar of Okawaru.
  2309 | D:3      | Found a radiant altar of Vehumet.
  2309 | D:3      | Found a glowing silver altar of Zin.
  2739 | D:4      | Noticed a phantom
  2751 | D:4      | Killed a phantom
  2752 | D:4      | Reached skill level 1 in Short Blades
  2752 | D:4      | Reached skill level 6 in Ranged Weapons
  2752 | D:4      | Reached XP level 6. HP: 40/47 MP: 6/6
  2763 | D:4      | Found Facec's Armour Shop.
  2799 | D:4      | Found a sand-covered staircase.
  2905 | Ossuary  | Entered an ossuary
  3021 | Ossuary  | Reached XP level 7. HP: 37/52 MP: 7/7
  3531 | Ossuary  | Reached skill level 7 in Ranged Weapons
  3583 | Ossuary  | Reached XP level 8. HP: 32/60 MP: 8/8
  4238 | D:4      | Noticed a two-headed ogre
  4252 | D:4      | You fall into a shaft and drop 2 floors!
  4610 | D:6      | Reached skill level 8 in Ranged Weapons
  4637 | D:5      | Entered Level 5 of the Dungeon
  4639 | D:5      | Found a staircase to the Ecumenical Temple.
  4769 | D:5      | Reached skill level 1 in Shields
  5286 | D:5      | Gained mutation: You are vulnerable to cold. (rC-) [potion
                  | of mutation]
  5286 | D:5      | Gained mutation: You are partially covered in iridescent
                  | scales. (AC +2) [potion of mutation]
  5286 | D:5      | Gained mutation: You occasionally shout uncontrollably at
                  | your foes. [potion of mutation]
  5286 | D:5      | Gained mutation: Your system is resistant to poisons.
                  | (rPois) [potion of mutation]
  5288 | D:5      | Reached XP level 9. HP: 30/67 MP: 9/9
  5493 | D:5      | Identified the +0 leather armour of Spring Thaw {rPois
                  | Str+6 Int+2}
  5549 | Temple   | Entered the Ecumenical Temple
  5676 | D:5      | Reached skill level 5 in Fighting
  5676 | D:5      | Reached skill level 9 in Ranged Weapons
  6325 | D:6      | Found a stormy altar of Qazlal.
  7120 | D:7      | Reached skill level 10 in Ranged Weapons
  7318 | D:6      | Reached XP level 10. HP: 70/76 MP: 10/10
  7328 | D:7      | Reached skill level 5 in Armour
  8004 | D:7      | Found a hazy altar of Hepliaklqana.
  8258 | D:4      | Killed a two-headed ogre
  8259 | D:4      | Reached skill level 11 in Ranged Weapons
  8782 | D:4      | Bought the +0 chain mail of Terror {rElec rC+ Str+2} for
                  | 326 gold pieces
  9005 | D:8      | Found a shimmering altar of Xom.
  9054 | D:8      | Found a snail-covered altar of Cheibriados.
  9060 | D:8      | Became a worshipper of Cheibriados the Contemplative
  9518 | D:8      | Reached * piety under Cheibriados
 10358 | D:9      | Noticed a black mamba
 10420 | D:9      | Noticed an unseen horror
 10459 | D:9      | Reached skill level 5 in Short Blades
 10467 | D:9      | Reached skill level 1 in Invocations
 10529 | D:9      | Found Okasunky's Jewellery Shop.
 10623 | D:9      | Noticed an obsidian statue
 10647 | D:9      | Identified the +1 cloak of Parts Unknown {Stlth+}
 10650 | D:9      | Noticed a sun demon
 10655 | D:9      | You are sucked into a shaft and drop 1 floor!
 10655 | D:10     | Entered Level 10 of the Dungeon
 10717 | D:10     | Found a broken altar of Ashenzari.
 10740 | D:10     | Noticed a gargoyle
 10749 | D:10     | Killed a gargoyle
 10750 | D:10     | Reached XP level 11. HP: 37/83 MP: 12/12
 10914 | D:10     | Noticed a cyclops
 10921 | D:10     | Killed a cyclops
 10944 | D:10     | Reached ** piety under Cheibriados
 11035 | D:10     | Noticed a two-headed ogre
 11055 | D:10     | Killed a two-headed ogre
 11056 | D:10     | Reached skill level 12 in Ranged Weapons
 11329 | D:10     | Reached skill level 5 in Dodging
 11352 | D:10     | Found a staircase to the Lair.
 11376 | D:10     | Noticed a tengu warrior
 11382 | D:10     | Noticed a tengu warrior
 11384 | D:10     | Killed a tengu warrior
 11404 | D:10     | You fall into a shaft and drop 2 floors!
 12117 | D:10     | Killed a tengu warrior
 12187 | D:10     | Found a bloodstained altar of Trog.
 12200 | D:10     | Noticed a two-headed ogre
 12210 | D:10     | Killed a two-headed ogre
 12308 | D:10     | Reached *** piety under Cheibriados
 12333 | D:10     | Reached skill level 1 in Long Blades
 12346 | D:10     | Found a glowing golden altar of the Shining One.
 12660 | D:9      | Bought a +4 ring of protection for 468 gold pieces
 13001 | D:9      | Noticed a skyshark
 13075 | D:11     | Noticed Snorg
 13083 | D:11     | You fall into a shaft and drop 1 floor!
 13718 | D:12     | Reached skill level 13 in Ranged Weapons
 13747 | D:12     | Reached XP level 12. HP: 47/92 MP: 14/14
 14037 | D:12     | Noticed a two-headed ogre
 14046 | D:12     | Killed a two-headed ogre
 14519 | D:12     | Noticed Gastronok
 14565 | D:11     | Reached **** piety under Cheibriados
 14734 | D:11     | Noticed Urug
 14740 | D:11     | Killed Urug
 14780 | D:11     | Noticed a boulder beetle
 14804 | D:11     | You fall into a shaft and drop 3 floors!
 14804 | D:14     | HP: 4/94 [burnt (10)]
 14805 | D:14     | Incinerated by a deep elf pyromancer

Illustrated notes

Levels and vault maps discovered:
D:1:      onia_arrival_handbag, layout_loops_ring
D:2:      layout_loops_ring, serial_shops, nicolae_shop_hallway_plus
D:3:      layout_basic, nicolae_overflow_hallway_of_the_gods,
          hangedman_abyss_or_decor_stabs
D:4:      minmay_chambers_of_threes, layout_basic, serial_shops, shop,
          nicolae_ossuary_entry_giza, minmay_close_crescents
D:5:      layout_basic, minmay_temple_entry_statues, guppyfry_early_orc_mine
D:6:      layout_cave_pools, mainiacjoe_overflow_small_starburst,
          nicolae_figureground_pulse
D:7:      kennysheep_slugbush, layout_basic, nicolae_hepliaklqana_hazy_memory
D:8:      layout_cave_pods, mainiacjoe_overflow_concentric_impassable,
          marbit_many_paths
D:9:      layout_basic, serial_shops, shop, minivault_15, lightli_corner_chamber
D:10:     layout_irregular_city, lemuel_round_altar,
          mainiacjoe_overflow_six_doors_small, tso_altar,
          due_lair_maze_entry_diamond, nicolae_twisting_strands
D:11:     minmay_tearing_corner, layout_loops_ring, erik_orc_3, minivault_16,
          uniq_urug, uniq_snorg, uniq_erolcha
D:12:     layout_basic, serial_shops, shop, minmay_fractal_squares_gapless_5,
          uniq_gastronok
D:14:     layout_basic, minmay_staircase_bubble, uniq_rupert
Temple:   jpeg_temple_alley_garden

Skill      XL: |  1  2  3  4  5  6  7  8  9 10 11 12 |
---------------+-------------------------------------+-----
Dodging        | 2 3 4 5 |  5.8
Ranged Weapons | 5 6 7 8 10 11 13 | 13.6
Armour         | 1 2 3 4 5 6 7 |  7.4
Fighting       | 3 4 5 6 8 |  8.8
Short Blades   | 1 2 3 5 |  5.4
Shields        | 1 2 |  2.9
Invocations    | 1 3 4 |  4.5
Long Blades    | 1 3 |  3.7
Stealth        | 2 |  2.1
Evocations     | |  0.1

Action                     |  1- 3 |  4- 6 |  7- 9 | 10-12 || total
---------------------------+-------+-------+-------+-------++-------
  Melee: Short sword       |       |     8 |       |       ||     8
         Shortbow          |       |       |     4 |       ||     4
         Dagger            |       |       |     7 |       ||     7
         Orcbow            |       |       |       |     4 ||     4
   Fire: Shortbow          |    87 |   195 |   537 |    98 ||   917
         Orcbow            |       |       |       |   498 ||   498
  Throw: Dart              |       |     2 |       |       ||     2
 Invoke: Slouch            |       |       |       |     2 ||     2
Ability: Dig               |       |     2 |       |       ||     2
         Shaft Self        |       |       |     1 |     4 ||     5
  Evoke: Wand              |       |       |       |     2 ||     2
    Use: Scroll            |       |     1 |    10 |     2 ||    13
         Potion            |       |       |     8 |     8 ||    16
 Armour: Leather armour    |    17 |    14 |       |       ||    31
         Chain mail        |       |   108 |   351 |   288 ||   747
  Dodge: Dodged            |    26 |    65 |   271 |   331 ||   693
  Block: Other             |       |       |    94 |    67 ||   161
         Reflection        |       |       |     6 |     1 ||     7

Table legend: (Time is in decaauts)
 A = Elapsed time spent in this place.
 B = Non-inter-level travel time spent in this place.
 C = Inter-level travel time spent in this place.
 D = Time resting spent in this place.
 E = Time spent auto-exploring this place.
 F = Levels seen in this place.
 G = Mean time per level.
                   A        B        C        D        E       F      G
               +--------+--------+--------+--------+--------+-----+--------+
         Total |  16501 |  15254 |   1247 |   3377 |   8662 |  15 | 1100.1 |
       Dungeon |  15523 |  14276 |   1247 |   3045 |   8406 |  13 | 1194.1 |
        Temple |      1 |      1 |      0 |      0 |      0 |   1 |    1.0 |
       Ossuary |    976 |    976 |      0 |    332 |    256 |   1 |  976.0 |
               +--------+--------+--------+--------+--------+-----+--------+

Top non-repeatable levels by time:
    D:12: 2090 daAuts
     D:9: 1818 daAuts
     D:6: 1769 daAuts
    D:10: 1685 daAuts
     D:5: 1682 daAuts
     D:4: 1386 daAuts
     D:8: 1076 daAuts
     D:3: 1052 daAuts
 Ossuary: 976 daAuts
     D:2: 929 daAuts
     D:7: 768 daAuts
     D:1: 705 daAuts
    D:11: 559 daAuts
  Temple: 1 daAuts
    D:14: 0 daAuts
